 Dungeon Crawl Stone Soup version 0.29.1-15-g9cfb28693d (webtiles) character file.

Game seed: 1719334276905190116

2 Pixllover the Grave Robber (level 1, -1/14 HPs)
             Began as a Ghoul Necromancer on Nov 4, 2023.
             Slain by a ball python (3 damage)
             ... on level 1 of the Dungeon.
             The game lasted 00:00:34 (366 turns).

Pixllover the Grave Robber (Ghoul Necromancer)       Turns: 366, Time: 00:00:35

Health: -1/14      AC:  2    Str: 11    XL:     1   Next: 30%
Magic:  2/2        EV: 12    Int: 10    God:
Gold:   7          SH:  0    Dex:  9    Spells: 2/3 levels left

rFire   . . .      SeeInvis .   (no weapon)
rCold   + . .      Faith    .   (no shield)
rNeg    + + +      Spirit   .   a - +0 robe
rPois   ∞          Reflect  .   (no helmet)
rElec   .          Harm     .   (no cloak)
rCorr   .          Rampage  .   (no gloves)
Will    .....                   (no boots)
Stlth   ++........              (no amulet)
HPRegen 0.00/turn               (no ring)
MPRegen 0.08/turn               (no ring)

@: inhibited regen
A: claws 1, cold resistance 1, negative energy resistance 3, inhibited
regeneration, torment resistance 2, devour on kill
a: no special abilities


You were on level 1 of the Dungeon.
You visited 1 branch of the dungeon, and saw 1 of its levels.

You collected 7 gold pieces.

Inventory:

Armour
 a - a +0 robe (worn)
Scrolls
 c - a scroll of fear {unknown}
 d - a scroll of identify {unknown}
Potions
 b - a potion of magic


   Skills:
 + Level 1.7 Dodging
 + Level 2.1 Stealth
 + Level 1.9 Spellcasting
 + Level 4.0 Necromancy


You had 2 spell levels left.
You knew the following spells:

 Your Spells              Type           Power      Damage    Failure   Level
a - Necrotise             Necr           36%        1d5       6%          1

Your spell library contained the following spells:

 Spells                   Type           Power      Damage    Failure   Level
 Vampiric Draining        Necr           9%         2d6       19%         3
 Animate Dead             Necr           9%         N/A       52%         4
 Agony                    Necr           9%         N/A       86%         5


Dungeon Overview and Level Annotations

Branches:
Dungeon (1/15)

Altars:


Innate Abilities, Weirdness & Mutations

You are immune to poison.
You have sharp fingernails.
Your flesh is cold resistant. (rC+)
You are immune to negative energy. (rN+++)
You do not regenerate when monsters are visible.
You are immune to unholy pain and torment.
You thrive by killing the living.


Message History

The kobold throws a stone.
The stone hits you.
Casting: Necrotise (safe; 6% risk of failure)
Confirm with . or Enter, or press ? or * to list all spells.
Aiming: Necrotise (safe; 6% risk of failure)
Press: ? - help, Shift-Dir - straight line, f - kobold
Aim: a kobold, wielding a +0 whip and quivering stones (chance to affect: 75%)
The kobold writhes in agony.
You kill the kobold!
The dead are walking!
A frilled lizard comes into view.
The frilled lizard hisses angrily.
A ball python comes into view.
A frilled lizard comes into view.
You see here 7 gold pieces.
You now have 7 gold pieces.
The frilled lizard bites your kobold skeleton.
The frilled lizard bites your kobold skeleton.
Your kobold skeleton hits the frilled lizard.
The frilled lizard bites your kobold skeleton.
Your kobold skeleton is destroyed!
The ball python bites you. The ball python grabs you.
The ball python constricts you.
You barely miss the ball python. The ball python misses you.
The ball python constricts you.
You scratch the ball python but do no damage.
The ball python misses you. The ball python constricts you.
The frilled lizard closely misses you.
You closely miss the ball python. The ball python bites you.
The ball python constricts you. The frilled lizard bites you.
* * * LOW HITPOINT WARNING * * *
The frilled lizard bites you.
* * * LOW HITPOINT WARNING * * *
You escape the ball python's grasp.
The ball python attacks as you move away!
The ball python bites you.
* * * LOW HITPOINT WARNING * * *
The frilled lizard attacks as you move away!
The frilled lizard barely misses you.
The ball python attacks as you move away!
The ball python bites you.
You die...

## ####..... ...
#################........ ....
#.....##....##....##.....
.....#.....##....##.#####.####
...........#).....÷.#####.#
....)............###......#
.....#......#....# #......#
... ###...ll######.......# .
#.>.##S@!...........#
...............[.......#
......###########..#.####
...... ##.#.# .....> # ..
...... .....


You could see a ball python and 2 frilled lizards.

Vanquished Creatures
  A hobgoblin (D:1)
  A kobold (D:1)
2 creatures vanquished.

Notes
Turn   | Place    | Note
-------+----------+-------------------------------------------
     0 | D:1      | Pixllover the Ghoul Necromancer began the quest for the
                  | Orb.
     0 | D:1      | Reached XP level 1. HP: 14/14 MP: 2/2
   366 | D:1      | Slain by a ball python

Illustrated notes

Levels and vault maps discovered:
D:1:      kennysheep_arrival_seaside, layout_rooms, serial_shops, shop

Action                   || total
-------------------------++-------
Melee: Unarmed           ||    11
 Cast: Necrotise         ||     3
Dodge: Dodged            ||    10
